 Dungeon Crawl Stone Soup version 0.24.0-13-gcf9b319 (webtiles) character file.

Game seed: 16773238800224832632, levelgen mode: deterministic

435 Bronimir the Chopper (level 7, -1/52 HPs)
             Began as a Barachi Skald on Apr 14, 2020.
             Succumbed to a scorpion's poison
             ... on level 4 of the Dungeon.
             The game lasted 00:07:26 (4260 turns).

Bronimir the Chopper (Barachi Skald)                Turns: 4260, Time: 00:07:29

Health: -1/52      AC:  4    Str: 15    XL:     7   Next: 0%
Magic:  10/12      EV: 13    Int: 13    God:
Gold:   150        SH:  0    Dex: 11    Spells: 7/12 levels left

rFire    . . .     SeeInvis .   t - +0 hand axe
rCold    . . .     Gourm    .   (no shield)
rNeg     . . .     Faith    .   b - +0 leather armour
rPois    .         Spirit   .   (no helmet)
rElec    .         Reflect  .   (no cloak)
rCorr    .         Harm     .   s - +0 pair of gloves
MR       .....                  (no boots)
Stlth    +.........             (no amulet)
HPRegen  0.17/turn              (no ring)
MPRegen  0.13/turn              (no ring)

@: lethally poisoned (-1 -> -34), infused, slow
A: +LOS, swims, slowness 1, strong legs 1
a: Hop


You were on level 4 of the Dungeon.
You were very hungry.

You visited 1 branch of the dungeon, and saw 5 of its levels.

You collected 150 gold pieces.

Inventory:

Hand Weapons
 a - a +0 war axe of electrocution
 t - a +0 hand axe (weapon)
Missiles
 c - 44 arrows
 m - 42 stones (quivered)
 q - 25 sling bullets
Armour
 b - a +0 leather armour (worn)
 s - a +0 pair of gloves (worn)
Jewellery
 n - an uncursed amulet of the gourmand {unknown}
Scrolls
 f - 2 scrolls of enchant weapon {unknown}
 h - 2 scrolls of amnesia {unknown}
 i - 7 scrolls of identify {unknown}
 j - 2 scrolls of remove curse {unknown}
 k - 2 scrolls of noise {unknown}
 l - 2 scrolls of magic mapping {unknown}
 o - 2 scrolls of enchant armour {unknown}
 r - a scroll of blinking {unknown}
Potions
 e - a potion of agility
Comestibles
 d - 2 rations


   Skills:
 + Level 3.2 Fighting
 * Level 5.1 Axes
 * Level 3.3 Armour
 * Level 3.5 Dodging
 * Level 3.4 Spellcasting
 * Level 4.1 Charms


You had 7 spell levels left.
You knew the following spells:

 Your Spells              Type           Power        Failure   Level  Hunger
a - Infusion              Chrm           ##..         4%          1    #......
b - Song of Slaying       Chrm           ##......     8%          2    ##.....
c - Shroud of Golubria    Chrm/Tloc      #.....       17%         2    ##.....

Your spell library contained the following spells:

 Spells                   Type           Power        Failure   Level  Hunger
 Regeneration             Chrm/Necr      #.........   34%         3    ###....
 Spectral Weapon          Hex/Chrm       #.......     34%         3    ###....


Dungeon Overview and Level Annotations

Branches:
Dungeon (5/15)
 Temple: D:4-7

Altars:
Hepliaklqana
Zin

Shops:
D:4 }


Innate Abilities, Weirdness & Mutations

Shadows flee at your approach. (+LOS)
You can swim through water.
You cover ground slowly.
You can hop short distances.


Message History

* * * LOW HITPOINT WARNING * * *
You hit the scorpion.
The scorpion is heavily wounded.
* * * LOW HITPOINT WARNING * * *
You feel sick. The scorpion stings you.
* * * LOW HITPOINT WARNING * * *
You are more poisoned.
The scorpion poisons you!
An ogre comes into view. It is wielding a +0 giant spiked club.
* * * LOW HITPOINT WARNING * * *
You feel sick.
The ogre shouts!
There is a stone staircase leading up here.
* * * LOW HITPOINT WARNING * * *
You feel sick. The scorpion stings you.
* * * LOW HITPOINT WARNING * * *
You are more poisoned.
The scorpion poisons you!
You climb upwards.
You die...

#.# ##.#####..# #.###..# #
#.# #.#.....####.###.##
###.# ####.#.#####........#
..#.# #.......# ##.##.#####
....###.#####.###..##..#
#.....#[#####.....####.#
.#..#.))...####..## #.##
.#...#.###.....s.#####..###
.#......####^###@.........#
........# ##.# ####.###...#
...#....###..# #.####>.###
#..#........## #..# ##...#
...#...#...## ##.#####..#
..<....###.# #...# ####
#....### #.# ###.#
...#.#####.# ##.#
.........#.##########..#


You could see a scorpion.

Vanquished Creatures
  A phantom (D:4)
  A scorpion (D:4)
  A howler monkey (D:4)
  An orc priest (D:4)
  A bullfrog skeleton (D:4)
  2 worker ants (D:4)
  A hound skeleton (D:4)
  7 adders
  An ooze (D:2)
  A worm (D:2)
  2 dart slugs
  3 leopard geckos (D:3)
  6 orcs
  7 bats
  4 giant cockroaches
  11 hobgoblins
  2 ball pythons (D:1)
  3 frilled lizards
  8 goblins
  11 kobolds
  6 rats
80 creatures vanquished.

Notes
Turn   | Place    | Note
-------+----------+-------------------------------------------
     0 | D:1      | Bronimir the Barachi Skald began the quest for the Orb.
     0 | D:1      | Reached XP level 1. HP: 17/17 MP: 3/3
   310 | D:1      | Reached XP level 2. HP: 5/23 MP: 1/5
   689 | D:1      | Learned a level 2 spell: Song of Slaying
   692 | D:1      | Learned a level 2 spell: Shroud of Golubria
  1056 | D:2      | Found a glowing silver altar of Zin.
  1057 | D:2      | Found a hazy altar of Hepliaklqana.
  1128 | D:2      | Reached XP level 3. HP: 28/28 MP: 7/7
  1381 | D:2      | Reached skill level 3 in Axes
  1458 | D:2      | Reached XP level 4. HP: 11/34 MP: 4/8
  2505 | D:3      | Reached XP level 5. HP: 22/39 MP: 1/9
  2946 | D:4      | Found Quokud's Gadget Emporium.
  2966 | D:4      | Noticed a phantom
  2994 | D:4      | Killed a phantom
  2994 | D:4      | Reached skill level 4 in Axes
  3179 | D:4      | Reached XP level 6. HP: 41/47 MP: 10/10
  3623 | D:4      | HP: 2/47 [poisoned by a scorpion]
  3647 | D:4      | Reached skill level 5 in Axes
  4064 | D:4      | Reached XP level 7. HP: 37/52 MP: 12/12
  4243 | D:5      | Entered Level 5 of the Dungeon
  4259 | D:5      | HP: 2/52 [scorpion (3)]
  4260 | D:4      | Succumbed to a scorpion's poison

Levels and vault maps discovered:
D:1:      ncdulo_halloftheorcs, layout_rooms
D:2:      minmay_wonky_spiral, layout_basic, nicolae_overflow_hidden_temple
D:3:      layout_basic
D:4:      layout_rooms, serial_shops, shop
D:5:      layout_loops_ring, first_ration

Skill      XL: |  1  2  3  4  5  6 |
---------------+-------------------+-----
Armour         | 2 3 |  3.3
Axes           | 3 4 5 |  5.1
Spellcasting   | 3 |  3.4
Fighting       | 3 |  3.2
Dodging        | 3 |  3.5
Charms         | 4 |  4.1

Action                   |  1- 3 |  4- 6 |  7- 9 || total
-------------------------+-------+-------+-------++-------
Melee: Hand axe          |   119 |   199 |    12 ||   330
 Cast: Infusion          |    11 |    12 |     1 ||    24
 Abil: Hop               |       |     1 |       ||     1
  Use: Potion            |       |     6 |       ||     6
  Eat: Chunk             |     2 |     8 |     1 ||    11
Armor: Leather armour    |    24 |    49 |     2 ||    75
Dodge: Dodged            |    86 |   158 |     5 ||   249
